Map: Ruins of Seras

Players

Benti - Winner!

  • Race: Protoss Protoss
  • League: Silver

SticklerMac

  • Race: Zerg Zerg
  • League: Silver

VOD

Have the link to the VOD?

Description

Time

  • Played on: Oct. 1, 2015, 3:11 p.m.
  • Length: 15:44
Show
View Real Time Build Order
Export as new Build Order

Benti Protoss - Winner!

Build Orders: 1 Gate Expand 

Get SALT Encoding   

  12  0:00  Probe (Chrono Boost)  
  13  0:10  Probe (Chrono Boost)  
  14  0:20  Pylon  
  14  0:27  Probe (Chrono Boost)  
  15  0:38  Probe (Chrono Boost)  
  16  0:48  Probe (Chrono Boost)  
  17  0:52  Gateway  
  17  0:57  Assimilator  
  17  0:58  Probe (Chrono Boost)  
  17  1:01  Assimilator  
  18  1:08  Probe (Chrono Boost)  
  19  1:18  Probe (Chrono Boost)  
  20  1:31  Probe (Chrono Boost)  
  21  1:41  Nexus  
  21  1:49  Pylon  
  21  2:00  Cybernetics Core  
  21  2:02  Probe (Chrono Boost)  
  22  2:12  Probe (Chrono Boost)  
  23  2:16  Zealot  
  23  2:22  Probe (Chrono Boost)  
  26  2:32  Gateway  
  26  2:33  Probe (Chrono Boost)  
  27  2:37  Pylon  
  27  2:44  Warp Gate  
  27  2:48  Probe (Chrono Boost)  
  28  2:59  Probe (Chrono Boost)  
  29  3:09  Mothership Core (Chrono Boost)  
  29  3:10  Adept  
  33  3:13  Probe (Chrono Boost)  
  36  3:20  Adept  
  36  3:38  Probe x2 (Chrono Boost)  
  38  3:45  Gateway  
  38  3:48  Probe x2 (Chrono Boost)  
  38  3:52  Adept x2  
  44  3:56  Pylon  
  44  3:58  Probe x2 (Chrono Boost)  
  46  4:06  Stargate  
  46  4:08  Probe x2 (Chrono Boost)  
  48  4:15  Robotics Facility  
  48  4:16  Assimilator  
  48  4:18  Probe x2 (Chrono Boost)  
  50  4:30  Probe x2 (Chrono Boost)  
  52  4:41  Gateway x2  
  52  4:45  Gateway  
  52  4:48  Probe x2 (Chrono Boost)  
  52  4:49  Assimilator  
  52  4:52  Oracle  
  57  4:58  Probe (Chrono Boost)  
  58  5:16  Probe x2 (Chrono Boost)  
  60  5:26  Probe x2 (Chrono Boost)  
  62  5:30  Twilight Council  
  62  5:32  Pylon  
  62  5:35  Pylon  
  62  5:39  Pylon  
  62  5:40  Pylon  
  62  5:49  Probe x2 (Chrono Boost)  
  62  5:50  Immortal  
  62  5:53  Oracle  
  71  6:11  Stalker x2  
  75  6:13  Nexus  
  75  6:16  Pylon  
  75  6:19  Pylon  
  75  6:20  Probe  
  75  6:22  Probe  
  75  6:23  Assimilator  
  77  6:25  Assimilator  
  75  6:34  Immortal  
  75  6:39  Shield Upgrade (Chrono Boost)  
  75  6:45  Adept x2  
  75  6:46  Adept x3  
  75  6:47  Adept  
  85  6:50  Probe  
  85  6:52  Probe  
  87  7:00  Forge  
  87  7:01  Forge  
  87  7:08  Probe  
  87  7:10  Probe  
  89  7:17  Immortal  
  93  7:28  Blink (Chrono Boost)  
  93  7:37  Protoss Ground Weapons Level 1 (Chrono Boost)  
  93  7:42  Probe  
  93  7:43  Probe x2  
  94  7:54  Probe  
  94  7:55  Probe  
  94  7:56  Immortal  
  94  7:57  Probe  
  101  8:06  Probe  
  101  8:07  Probe  
  101  8:09  Probe  
  104  8:18  Probe  
  104  8:19  Probe, Protoss Ground Armor Level 1 (Chrono Boost)  
  106  8:21  Probe  
  106  8:22  Nexus  
  106  8:25  Pylon  
  107  8:29  Pylon  
  107  8:31  Probe x2  
  107  8:32  Assimilator  
  109  8:36  Immortal  
  109  8:37  Assimilator  
  109  8:40  Probe  
  114  8:43  Probe x2  
  114  8:46  Stalker x4  
  114  8:47  Stalker x2  
  128  8:52  Probe  
  128  8:55  Probe  
  130  9:11  Protoss Ground Weapons Level 2 (Chrono Boost)  
  130  9:13  Robotics Facility  
  130  9:15  Immortal  
  134  9:18  Charge  
  134  9:22  Oracle  
  137  9:54  Immortal  
  125  10:09  Zealot  
  125  10:10  Zealot x5  
  125  10:13  Protoss Ground Armor Level 2 (Chrono Boost)  
  137  10:20  Pylon  
  137  10:23  Gateway  
  137  10:26  Gateway  
  137  10:28  Gateway x2  
  137  10:31  Templar Archives  
  137  10:35  Immortal (Chrono Boost)  
  129  10:46  Stalker x4  
  129  10:47  Stalker x2  
  129  10:49  Warp Prism (Chrono Boost)  
  139  11:17  Zealot x2  
  139  11:18  Zealot x4  
  148  11:45  High Templar x4  
  148  11:46  High Templar x2  
  148  11:47  High Templar x2  
  162  11:49  Archon x2  
  162  11:50  Archon x2  
  164  11:55  Pylon  
  164  11:57  Pylon  
  164  11:59  Pylon  
  164  12:00  Pylon  
  151  12:16  Zealot  
  151  12:17  Zealot x2  
  151  12:18  Zealot x4  
  151  12:20  Zealot x2  
  139  12:23  Void Ray  
  129  12:48  Pylon  
  129  12:49  Pylon  
  125  12:52  Pylon x2  
  125  12:54  Pylon  
  118  13:16  Nexus  
  115  13:30  Nexus  
  115  13:33  Pylon  
  115  13:55  Pylon  
  115  13:56  Pylon  
  115  13:58  Pylon  
  115  14:00  Pylon  
Show
View Real Time Build Order
Export as new Build Order

SticklerMac Zerg 

Build Orders: Hatch First 

Get SALT Encoding   

  12  0:01  Drone  
  13  0:08  Drone  
  14  0:17  Overlord  
  14  0:36  Drone x3  
  17  0:56  Hatchery  
  16  0:57  Drone  
  16  1:00  Drone  
  18  1:04  Extractor  
  18  1:09  Drone  
  18  1:20  Drone  
  19  1:29  Drone  
  20  1:43  Overlord, Spawning Pool  
  19  2:02  Hatchery  
  19  2:05  Drone x2  
  19  2:08  Drone  
  21  2:12  Drone  
  22  2:18  Drone  
  23  2:27  Drone  
  23  2:28  Extractor  
  23  2:30  Queen  
  23  2:35  Metabolic Boost  
  25  2:47  Drone x3  
  28  2:53  Queen  
  30  2:59  Drone  
  30  3:00  Drone  
  30  3:03  Drone  
  33  3:07  Drone  
  34  3:13  Overlord  
  34  3:25  Queen  
  34  3:26  Drone  
  34  3:27  Drone x2  
  38  3:30  Drone  
  38  3:32  Drone  
  40  3:45  Drone  
  40  3:46  Drone x4  
  45  3:54  Drone x3  
  45  3:55  Drone x2  
  50  4:06  Overlord x2  
  50  4:18  Lair  
  50  4:26  Evolution Chamber, Drone x4  
  50  4:27  Drone x4  
  50  4:28  Evolution Chamber  
  50  4:29  Drone  
  57  4:39  Extractor  
  57  4:40  Drone x2  
  57  4:41  Drone x6  
  57  4:42  Extractor  
  57  4:43  Drone  
  57  4:44  Drone  
  65  4:46  Extractor  
  65  4:51  Extractor  
  65  4:52  Drone x2  
  59  5:08  Queen  
  59  5:09  Queen  
  61  5:28  Queen  
  61  5:34  Infestation Pit  
  62  5:50  Queen  
  62  5:51  Queen  
  62  5:56  Overlord x3  
  62  5:57  Overlord x3  
  66  6:08  Overlord x3  
  66  6:09  Overlord  
  66  6:13  Overlord x3  
  66  6:14  Queen  
  65  6:26  Queen x2  
  62  6:44  Drone x2  
  62  6:45  Drone x5  
  68  6:49  Drone x4  
  68  6:50  Drone x7  
  68  6:51  Hatchery, Drone x3  
  68  6:54  Hive  
  81  7:11  Spore Crawler x2  
  81  7:14  Spore Crawler  
  81  7:15  Spore Crawler  
  71  7:37  Queen x2  
  71  8:09  Ultralisk Cavern  
  70  8:17  Drone  
  70  8:19  Drone  
  71  8:34  Spore Crawler  
  71  8:36  Spore Crawler  
  65  9:06  Queen x2  
  65  9:07  Queen  
  71  9:15  Drone x2  
  71  9:16  Drone x3  
  76  9:18  Ultralisk  
  76  9:19  Ultralisk x11  
  148  9:26  Zerg Melee Weapons Level 1  
  148  9:28  Zerg Ground Armor Level 1  
  148  9:35  Queen  
  146  10:22  Ultralisk x3  
  146  10:24  Zergling x2  
  146  10:25  Zergling x6  
  146  10:27  Overlord x2  
  146  10:28  Overlord x6  
  150  10:42  Ultralisk  
  114  10:43  Ultralisk x2  
  114  10:45  Zergling x28  
  114  10:46  Zergling x8  
  132  10:50  Zergling x4  
  132  10:51  Zergling x2  
  133  11:11  Ultralisk x2  
  133  11:12  Zergling x2  
  133  11:13  Zergling x6  
  149  11:31  Ultralisk  
  149  11:32  Ultralisk, Zergling x2  
  162  11:33  Zergling x2  
  162  11:34  Zergling x2  
  162  11:39  Chitinous Plating  
  164  11:46  Drone x5  
  170  11:47  Drone  
  170  11:48  Drone  
  170  12:22  Zergling x4  
  149  12:23  Zergling x12  
  149  12:24  Ultralisk  
  150  12:51  Overlord x5  
  132  12:52  Overlord x7  
  132  12:53  Overlord x3  
  106  14:00  Hatchery  
  105  14:12  Hatchery  
  82  14:29  Spawning Pool  
Tags
 
Add a new tag
Caveats
  • Supply blocks, unpowered buildings, or Contaminate may cause inaccurate times.
  • Supply counts are checked every 10 seconds.